 Dungeon Crawl Stone Soup version 0.30-a0-800-g7c544603b3 (webtiles) character file.

Game seed: 4179568167989208364

101 cheesebisquit the Poker (level 4, -1/33 HPs)
             Began as a Merfolk Gladiator on Feb 22, 2023.
             Killed from afar by an orc wizard (7 damage)
             ... with a magic dart
             ... on level 3 of the Dungeon.
             The game lasted 00:04:55 (1779 turns).

cheesebisquit the Poker (Merfolk Gladiator)         Turns: 1779, Time: 00:04:55

Health: -1/33      AC:  4    Str: 28    XL:     4   Next: 75%
Magic:  4/4        EV: 13    Int:  7    God:
Gold:   78         SH:  0    Dex: 15    Spells: 3/3 levels left

rFire   . . .      SeeInvis .    a - +0 trident
rCold   . . .      Faith    .    m - +0 buckler
rNeg    . . .      Spirit   .    b - +0 leather armour
rPois   .          Reflect  .    c - +0 helmet
rElec   .          Harm     .    (no cloak)
rCorr   .          Rampage  .    (no gloves)
Will    .....                    (no boots)
Stlth   +                        (no amulet)
HPRegen 0.25/turn                o - +6 ring of strength
MPRegen 0.09/turn                r - +6 ring of strength

@: confused
A: (nimble swimmer 2), mertail
a: no special abilities


You were on level 3 of the Dungeon.
You visited 1 branch of the dungeon, and saw 3 of its levels.

You collected 78 gold pieces.

Inventory:

Hand Weapons
 a - a +0 trident (weapon)
Missiles
 d - 3 throwing nets (quivered)
 e - a javelin
 n - 2 boomerangs
Armour
 b - a +0 leather armour (worn)
 c - a +0 helmet (worn)
 m - a +0 buckler (worn)
Jewellery
 o - a +6 ring of strength (left hand)
 r - a +6 ring of strength (right hand)
Scrolls
 f - a scroll of magic mapping {unknown}
 h - 3 scrolls of teleportation {unknown}
 i - 4 scrolls of identify {unknown}
 k - a scroll of enchant armour {unknown}
 p - a scroll of amnesia {unknown}
 q - a scroll of fear {unknown}
Potions
 g - a potion of curing {unknown}
 j - a potion of resistance {unknown}
 l - a potion of haste {unknown}
 s - a potion of might {unknown}


   Skills:
 - Level 2.1 Fighting
 + Level 7.1 Polearms
 - Level 2.0 Throwing
 - Level 4.0 Dodging


You had 3 spell levels left.
You didn't know any spells.
Your spell library contained the following spells:

 Spells                   Type           Power      Damage    Failure   Level
 Frozen Ramparts          Ice            0%         1d1       91%         3
 Ice Form                 Ice/Tmut       0%         N/A       100%        4
 Summon Ice Beast         Ice/Summ       0%         N/A       100%        4


Dungeon Overview and Level Annotations

Branches:
Dungeon (3/15)

Altars:
Uskayaw

Annotations:
D:3 1 transporter


Innate Abilities, Weirdness & Mutations

((You are very nimble when in or above water. (Stealth+, EV+, Speed+++)))
Your lower body shifts to a powerful aquatic tail in water.


Message History

You closely miss something. Something hits you.
You hit something but do no damage.
You hear some strange, mumbled words.
You block something's attack.
You puncture something!
Reactivating autopickup.
You feel a bit more experienced.
Your Polearms skill increases to level 7!
Deactivating autopickup; reactivate with Ctrl-A.
You closely miss something. Something hits you.
You hit something.
You hear some strange, mumbled words.
A puff of flame appears from out of thin air!
The puff of flame misses you.
You barely miss something. Something hits you but does no damage.
You closely miss something. Something hits you but does no damage.
You hit something. Something hits you.
You miss something.
You hear some strange, mumbled words.
A magic dart appears from out of thin air!
The magic dart hits you.
* * * LOW HITPOINT WARNING * * *
You barely miss something. Something hits you.
* * * LOW HITPOINT WARNING * * *
Okay, then.
You miss something. Something hits you.
* * * LOW HITPOINT WARNING * * *
Okay, then.
You miss something.
You hear some strange, mumbled words.
You are confused.
You bump into the rock wall.
Something completely misses you.
You barely miss something.
You hear some strange, mumbled words.
You are more confused.
You miss something.
You hear some strange, mumbled words.
A magic dart appears from out of thin air!
The magic dart hits you!
You die...

.........###.## #.#
####.......#..####.#
##...###....#...##.# .
....####.........(.######
..###................†.....
....##########.#####)......
#....### #.## #.#.####
...###.)g#####..####.#.....
.....:.oo{@............#...
##......########.###......)
######.. ..###..#... ####
#..###.###. #.....# #.
###... #. ##.> .. #.. ..#


You could see 2 orcs and a hobgoblin.

Vanquished Creatures
  An orc wizard (D:3)
  2 adders
  A worm (D:2)
  2 dart slugs (D:1)
  An orc (D:3)
  4 bats
  2 endoplasms
  3 giant cockroaches
  6 goblins
  6 hobgoblins
  3 jackals (D:3)
  A quokka (D:3)
  6 ball pythons
  2 frilled lizards (D:1)
  7 kobolds
  3 rats (D:1)
50 creatures vanquished.

Notes
Turn   | Place    | Note
-------+----------+-------------------------------------------
     0 | D:1      | cheesebisquit the Merfolk Gladiator began the quest for the
                  | Orb.
     0 | D:1      | Reached XP level 1. HP: 16/16 MP: 1/1
    91 | D:1      | Reached XP level 2. HP: 22/22 MP: 2/2
   202 | D:1      | Reached skill level 5 in Polearms
   577 | D:1      | Reached XP level 3. HP: 26/27 MP: 3/3
  1410 | D:2      | Reached skill level 6 in Polearms
  1469 | D:2      | Found a hide-covered altar of Uskayaw.
  1669 | D:3      | Reached XP level 4. HP: 33/33 MP: 4/4
  1684 | D:3      | Found a transporter.
  1768 | D:3      | Reached skill level 7 in Polearms
  1779 | D:3      | Killed from afar by an orc wizard

Illustrated notes

Levels and vault maps discovered:
D:1:      dpeg_arrival_shrine, layout_basic, chequers_serial_rivers_micro_e
D:2:      wad_pebble_path, layout_basic, basic_altar, minmay_misc_feat_encased,
          minmay_tripent
D:3:      gammafunk_wand_slinger, layout_rooms, kennysheep_jessica_study

Skill      XL: |  1  2  3  4 |
---------------+-------------+-----
Polearms       | 5 6 7 |  7.1
Fighting       | |  2.1
Throwing       | |  2.0
Dodging        | |  4.0

Action                     |  1- 3 |  4- 6 || total
---------------------------+-------+-------++-------
  Melee: Trident           |   104 |    55 ||   159
   Stab: Sleeping          |     1 |       ||     1
 Armour: Leather armour    |    13 |    15 ||    28
  Dodge: Dodged            |    39 |    21 ||    60
  Block: Buckler           |     4 |     5 ||     9

Table legend: (Time is in decaauts)
 A = Elapsed time spent in this place.
 B = Non-inter-level travel time spent in this place.
 C = Inter-level travel time spent in this place.
 D = Time resting spent in this place.
 E = Time spent auto-exploring this place.
 F = Levels seen in this place.
 G = Mean time per level.
                   A        B        C        D        E       F      G
               +--------+--------+--------+--------+--------+-----+--------+
         Total |   1783 |   1721 |     62 |      0 |   1381 |   3 |  594.3 |
       Dungeon |   1783 |   1721 |     62 |      0 |   1381 |   3 |  594.3 |
               +--------+--------+--------+--------+--------+-----+--------+

Top non-repeatable levels by time:
     D:1: 891 daAuts
     D:2: 742 daAuts
     D:3: 149 daAuts
